cohdb
Replays
Latest Replays
All Replays
Popular Replays
Top Player Replays
Match Explorer
How It Works
Community
CoH3 Stats
Reddit
Sign in to upload your games and track your stats! →
Sign in with Steam
Match 45931628
Unlisted
Match 45931628
Overview
Messages
Build Orders
End
Construct Barracks
Selects Heavy Weapons
Riflemen Squad
Riflemen Squad
M1 Mortar Team
Riflemen Squad
Construct Weapon Support Center
M1919 Machine Gun Team
Air Support Center
Grenade Package
Construct Medical Station
Selects M2HB .50cal Heavy Machine Gun
P-47 Dive Bomb
Double Sortie
Selects Assault Carriers
Selects Exchangeable Parts
M3 Assault Carrier
Grasshopper Recon Run
Advanced Air Reconnaissance
Engineer Squad
Riflemen Squad
Grasshopper High-Altitude Recon Run
P-47 Dive Bomb
Bazooka Squad
P-47 Dive Bomb
Bazooka Squad
Don Pitudo
Ohmic
VeSkeR
QuitZera☆
lllandscape
Jrsss
0
0
Comments
sign in to comment!
No comments posted yet!